 Dungeon Crawl Stone Soup version 0.25.1-8-g42b30a86e7 (webtiles) character file.

Game seed: 10687888032964843008

45 Destapler the Shield-Bearer (level 3, -1/31 HPs)
             Began as a Minotaur Fighter on Dec 15, 2020.
             Killed by nerve-wracking pain
             ... invoked by Jessica
              (12 damage)
             ... on level 2 of the Dungeon.
             The game lasted 00:02:55 (1096 turns).

Destapler the Shield-Bearer (Minotaur Fighter)      Turns: 1096, Time: 00:02:56

Health: -1/31      AC:  6    Str: 21    XL:     3   Next: 42%
Magic:  2/2        EV:  7    Int:  5    God:
Gold:   30         SH:  9    Dex:  9    Spells: 2/2 levels left

rFire    . . .     SeeInvis .   a - +0 war axe
rCold    . . .     Gourm    .   c - +0 kite shield
rNeg     . . .     Faith    .   b - +0 scale mail
rPois    .         Spirit   .   (helmet restricted)
rElec    .         Reflect  .   (no cloak)
rCorr    .         Harm     .   (no gloves)
MR       .....                  (no boots)
Stlth    ..........             (no amulet)
HPRegen  0.10/turn              (no ring)
MPRegen  0.08/turn              (no ring)

@: slowed, very slow
A: retaliatory headbutt, horns 2
a: no special abilities


You were on level 2 of the Dungeon.
You were not hungry.

You visited 1 branch of the dungeon, and saw 2 of its levels.

You collected 30 gold pieces.

Inventory:

Hand Weapons
 a - a +0 war axe (weapon)
Missiles
 j - 26 poisoned darts (quivered)
Armour
 b - a +0 scale mail (worn)
 c - a +0 kite shield (worn)
Jewellery
 o - a +4 ring of protection {unknown}
 r - a cursed amulet of inaccuracy {unknown}
Scrolls
 e - 2 scrolls of identify {unknown}
 g - 4 scrolls of enchant weapon {unknown}
 h - a scroll of magic mapping {unknown}
 i - a scroll of remove curse {unknown}
 k - a scroll of fog {unknown}
 m - a scroll of fear {unknown}
Potions
 d - a potion of might
 l - a potion of stabbing {unknown}
 n - a potion of resistance {unknown}
 p - 2 potions of flight {unknown}
Comestibles
 f - 4 rations


   Skills:
 - Level 3.6 Fighting
 + Level 3.7 Axes
 - Level 3.6 Armour
 + Level 4.6 Shields


You had 2 spell levels left.
You didn't know any spells.
Your spell library was empty.

Dungeon Overview and Level Annotations

Branches:
Dungeon (2/15)

Altars:

Annotations:
D:2 Jessica


Innate Abilities, Weirdness & Mutations

You reflexively headbutt those who attack you in melee.
You have a pair of horns on your head.


Message History

The poisoned dart closely misses Jessica.
Jessica looks more healthy.
Jessica gestures at you while chanting.
You feel yourself slow down.
Throwing (i - inventory)
j - 28 poisoned darts (quivered)
Press: ? - help, Shift-Dir - straight line, f/p - Jessica
Aim: Jessica, wielding a +0 club and wearing a +2 robe (almost dead, fast)
You throw a poisoned dart.
The poisoned dart barely misses Jessica.
Jessica casts a spell at you. Pain shoots through your body!
* * * LOW HITPOINT WARNING * * *
Throwing (i - inventory)
j - 27 poisoned darts (quivered)
Press: ? - help, Shift-Dir - straight line, f/p - Jessica
Aim: Jessica, wielding a +0 club and wearing a +2 robe (almost dead, fast)
You throw a poisoned dart.
The poisoned dart closely misses Jessica.
Jessica casts a spell at you. Pain shoots through your body!
You die...

[....# #.......##
#...# ########'#####
#. #...#.##.....÷.#
#.# #.....##.......#
#..####..#####.|.....#
#.#.....# #######.# .
#.......# #.# ..
##......###########.#
...#
#...)...@..@...(...#
.....
#...÷).##########..#
#...###..(#.# #..#
#.........#.#######
#..#
#.........#.......#
#..#
#....(....#.#####.#
#..# #.........#.#
#..# #...#####.#.#
######..# #... #...#
#.......#


You could see Jessica (fast).

Vanquished Creatures
  3 adders (D:2)
  A worm (D:2)
  A leopard gecko (D:1)
  A giant cockroach (D:1)
  4 goblins
  A hobgoblin (D:2)
  2 kobolds
  3 bats (D:1)
  A frilled lizard (D:2)
17 creatures vanquished.

Notes
Turn   | Place    | Note
-------+----------+-------------------------------------------
     0 | D:1      | Destapler the Minotaur Fighter began the quest for the Orb.
     0 | D:1      | Reached XP level 1. HP: 19/19 MP: 0/0
   259 | D:1      | Reached skill level 4 in Shields
   307 | D:1      | Reached XP level 2. HP: 26/26 MP: 1/1
   745 | D:2      | Reached XP level 3. HP: 23/31 MP: 2/2
  1078 | D:2      | Noticed Jessica
  1096 | D:2      | Killed from afar by Jessica

Illustrated notes

Levels and vault maps discovered:
D:1:      eino_arrival_water_cross, layout_loops_ring
D:2:      layout_basic, uniq_jessica, uniq_natasha

Skill      XL: |  1 |
---------------+----+-----
Shields        | 4 |  4.6
Axes           | 3 |  3.7
Fighting       | |  3.6
Armour         | |  3.6

Action                   || total
-------------------------++-------
Melee: War axe           ||    52
       Headbutt          ||     5
Throw: Dart              ||    11
  Eat: Chunk             ||     1
Armor: Scale mail        ||    26
Dodge: Dodged            ||    18
Block: Kite shield       ||    28
